 Dungeon Crawl Stone Soup version 0.24-a0-335-g06ca16a (webtiles) character file.

Game seed: 9796774846855824005

142151 Borgoz the Warrior (level 17, -10/90 HPs)
             Began as a Gargoyle Gladiator on May 18, 2019.
             Was the Champion of Ashenzari.
             Killed from afar by a starcursed mass (19 damage)
             ... with an accursed screaming
             ... on level 3 of the Abyss.
             The game lasted 01:22:03 (31060 turns).

Borgoz the Warrior (Gargoyle Gladiator)            Turns: 31060, Time: 01:22:04

Health: -10/90     AC: 28    Str: 18    XL:     17   Next: 34%
Magic:  0/28       EV: 24    Int: 13    God:    Ashenzari [******]
Gold:   628        SH:  0    Dex: 16    Spells: 23/24 levels left

rFire    + + +     SeeInvis +   b - +7 flail of Integrity {crush, MR+}
rCold    . . .     Gourm    .   (no shield)
rNeg     + + .     Faith    .   R - +4 moon troll leather armour {Spirit, Regen++ MP+5} (curse)
rPois    ∞         Spirit   +   c - +1 helmet
rElec    +         Reflect  .   h - scarf {repulsion}
rCorr    .         Harm     .   u - +0 pair of fencer's gloves {Riposte Dex+3} (curse)
MR       ++...     Clarity  +   n - +1 pair of boots (curse)
Stlth    +++.......             m - amulet of regeneration
HPRegen  0.00/turn              l - ring of protection from fire (curse)
MPRegen  0.21/turn              z - ring of the Thistle {rF++ rN+ Int+3} (curse)

@: about to teleport, flying, repel missiles
A: big wings, [berserk 2], [blurry vision 3], deformed body, [frail 2], negative
energy resistance 1, electricity resistance, [inhibited regeneration], weak 2,
unbreathing, petrification resistance, rot immunity, [subdued magic 2], AC +12
a: Stop Flying, Curse Item, Scrying, Transfer Knowledge, Renounce Religion


You were on level 3 of the Abyss.
You worshipped Ashenzari.
Ashenzari was exalted by your worship.
You were not hungry.

You visited 5 branches of the dungeon, and saw 28 of its levels.
You visited the Abyss 1 time.
You also visited: Gauntlet.

You collected 2764 gold pieces.
You spent 2136 gold pieces at shops.

Inventory:

Hand Weapons
 a - the +1 dire flail of Tenacity {flame, *Noise rF+ rC++}
   (You found it in a Gauntlet)

   It has been specially enchanted to burn those struck by it, causing extra
   injury to most foes and up to half again as much damage against particularly
   susceptible opponents.
   It protects you from fire.
   It greatly protects you from cold.
   It may make noises in combat.
 b - the +7 flail of Integrity (weapon) {crush, MR+}
   (You found it on level 6 of the Lair of Beasts)

   It inflicts extra damage upon your enemies.
   It affects your resistance to hostile enchantments.
Armour
 c - a +1 helmet (worn)
 h - a scarf of repulsion (worn)
 n - a cursed +1 pair of boots (worn)
 u - the cursed +0 pair of fencer's gloves (worn) {Riposte Dex+3}
   (You found it on level 4 of the Dungeon)

   It affects your dexterity (+3).
   It has a curse placed upon it.
 J - the cursed +0 plate armour of the Skies Above {SInv}
   (You took it off a spriggan on level 3 of the Swamp)

   It lets you see invisible.
   It has a curse placed upon it.
 R - the cursed +4 moon troll leather armour (worn) {Spirit, Regen++ MP+5}
   (You found it on level 6 of the Lair of Beasts)

   It affects your magic capacity (+5).
   It increases your rate of regeneration.
   It has a curse placed upon it.
Jewellery
 d - a +3 ring of slaying
 l - a cursed ring of protection from fire (left hand)
 m - an amulet of regeneration (around neck)
 o - an uncursed ring of protection from cold
 v - an uncursed ring of ice
 z - the cursed ring of the Thistle (right hand) {rF++ rN+ Int+3}
   (You found it in a Gauntlet)

   [ring of intelligence]

   It affects your intelligence (+3).
   It greatly protects you from fire.
   It protects you from negative energy.
   It has a curse placed upon it.
 H - an uncursed ring of protection from fire
 P - a +2 ring of protection
Wands
 e - a wand of acid (5)
 w - a wand of iceblast (24)
 A - a wand of paralysis (12)
 B - a wand of scattershot (1)
 E - a wand of digging (5)
 K - a wand of clouds (4)
 L - a wand of flame (12)
 M - a wand of disintegration (34)
 N - a wand of polymorph (9)
 O - a wand of enslavement (6)
Scrolls
 g - 9 scrolls of magic mapping
 i - 6 scrolls of blinking
 k - 5 scrolls of remove curse
 q - 2 scrolls of fear
 r - 17 scrolls of teleportation
 y - 4 scrolls of fog
 F - 8 scrolls of identify
Potions
 j - 2 potions of resistance
 p - 7 potions of curing
 s - 2 potions of ambrosia
 t - 4 potions of heal wounds
 x - a potion of agility
 C - a potion of cancellation
 D - 2 potions of might
 I - 2 potions of haste
Comestibles
 f - 57 rations
 G - a chunk of flesh


   Skills:
 * Level 15.4 Fighting
   Level 0.0(8.6) Axes
 * Level 14.2 Maces & Flails
 - Level 1.7 Throwing
 * Level 15.2 Armour
 * Level 13.7(16.3) Dodging
 - Level 2.7(5.2) Stealth
 + Level 4.3 Spellcasting
 - Level 4.0(6.8) Hexes
 - Level 5.0(8.0) Evocations


You had 23 spell levels left.
You knew the following spells:

 Your Spells              Type           Power        Failure   Level  Hunger
a - Confusing Touch       Hex            ##....       1%          1    None

Your spell library contained the following spells:

 Spells                   Type           Power        Failure   Level  Hunger
 Corona                   Hex            ##.....      1%          1    None
 Slow                     Hex            ##......     1%          2    ##.....
 Confuse                  Hex            ##......     2%          3    ###....
 Tukima's Dance           Hex            ##......     2%          3    ###....
 Ensorcelled Hibernation  Hex/Ice        #.....       4%          2    ##.....
 Cause Fear               Hex            ##........   9%          4    ####...
 Dazzling Spray           Conj/Hex       #.....       11%         3    ###....
 Inner Flame              Hex/Fire       #.......     11%         3    ###....
 Spectral Weapon          Hex/Chrm       #.......     11%         3    ###....
 Beastly Appendage        Tmut           #.....       13%         1    None
 Flame Tongue             Conj/Fire      #....        13%         1    None
 Freeze                   Ice            #...         13%         1    None
 Magic Dart               Conj           #...         13%         1    None
 Summon Butterflies       Summ           #.......     13%         1    None
 Summon Small Mammal      Summ           #...         13%         1    None
 Blink                    Tloc           N/A          21%         2    ##.....
 Call Imp                 Summ           #.......     21%         2    ##.....
 Poisonous Vapours        Pois/Air       #.....       21%         2    ##.....
 Sticks to Snakes         Tmut           #.......     21%         2    ##.....
 Swiftness                Chrm/Air       #.......     21%         2    ##.....
 Throw Flame              Conj/Fire      #.....       21%         2    ##.....
 Throw Frost              Conj/Ice       #.....       21%         2    ##.....
 Leda's Liquefaction      Hex/Erth       #.........   36%         4    ####...
 Conjure Flame            Conj/Fire      #.......     41%         3    ###....
 Mephitic Cloud           Conj/Pois/Air  #.......     41%         3    ###....
 Ozocubu's Armour         Chrm/Ice       #.......     41%         3    ###....
 Recall                   Summ/Tloc      N/A          41%         3    ###....
 Spider Form              Tmut/Pois      #.........   41%         3    ###....
 Metabolic Englaciation   Hex/Ice        #.........   73%         5    ######.
 Ice Form                 Ice/Tmut       #.......     83%         4    ####...
 Sticky Flame             Conj/Fire      #.......     83%         4    ####...
 Summon Ice Beast         Ice/Summ       #.......     83%         4    ####...
 Throw Icicle             Conj/Ice       #.......     83%         4    ####...
 Blade Hands              Tmut           #.........   99%         5    ######.
 Fireball                 Conj/Fire      #.........   99%         5    ######.
 Lightning Bolt           Conj/Air       #.........   99%         5    ######.
 Summon Demon             Summ           #.........   99%         5    ######.
 Freezing Cloud           Conj/Ice/Air   #.........   100%        6    #######
 Ring of Flames           Chrm/Fire      #.........   100%        7    #######


Dungeon Overview and Level Annotations

Branches:
Dungeon (15/15)            Temple (1/1) D:4            Lair (6/6) D:11
  Swamp (4/4) Lair:3        Snake (0/4) Lair:3        Slime (0/5) Lair:5
    Orc (2/2) D:11            Elf (0/3) Orc:2        Vaults (0/5) D:14
 Depths (0/5) D:15

Altars:
Ashenzari
Cheibriados
Dithmenos
Elyvilon
Fedhas
Gozag
Hepliaklqana
Kikubaaqudgha
Makhleb
Nemelex Xobeh
Okawaru
Qazlal
Ru
Sif Muna
Trog
Uskayaw
Vehumet
Wu Jian
Xom
Yredelemnul
Zin
The Shining One
Beogh
Jiyva

Shops:
D:7 :   D:8 %   D:9 *   D:14 (   Orc:1 (=   Orc:2 ([=(

Annotations:
Swamp:4 Louise
Orc:2 1 runed translucent door, galech's ghost, journeyman DsFi


Innate Abilities, Weirdness & Mutations

You are resistant to torment.
Your stone body is resilient. (AC +12)
You are immune to poison.
Your large and strong wings let you fly indefinitely.
You resist negative energy. (rN+)
You are resistant to electric shocks. (rElec)
You can survive without breathing.
You are immune to petrification.
You are immune to rotting.
Armour fits poorly on your strangely shaped body.
You are very weak. (Str -4)
[You often lose your temper in combat.]
[Scrolls take you much longer to read.]
[You are very frail. (-20% HP)]
[You do not regenerate when monsters are visible.]
[Your spells are easier to cast, but less powerful.]


Message History

You feel the power of the Abyss delaying your translocation!
You completely miss the red draconian stormcaller.
The red draconian stormcaller is almost dead.
The thrashing horror barely misses you.
The thrashing horror closely misses you.
You bludgeon the red draconian stormcaller!!
You kill the red draconian stormcaller!
The swamp drake disappears in a puff of smoke!
The death drake disappears in a puff of smoke!
The thrashing horror completely misses you.
The thrashing horror tramples you but does no damage. x3
The purple draconian knight gestures at you while chanting.
The shard of ice hits you!
* * * LOW HITPOINT WARNING * * *
Unknown command.
The thrashing horror misses you. x2
The thrashing horror tramples you but does no damage.
The thrashing horror misses you. The iron imp closely misses you.
A cacophony of accursed wailing tears at your sanity!
You die...

,*, * * ,* *#. .,
.##.##* ,*, ,* **,
* ##..#*#.... *# ,
* * *,*
*###.#.###.
.,...*# , * *, ,
,, ,# .......#
,... . * * ###**#
#©.©###*##* #. , *
*#...{* #####* ,
.,,# ,, ,,*
*...XX{####### . *
** ,
..Xh*u#.XdXx#....,
#.,,* ,*
*,*#.5Xhdq@XX5dX..
.{ ## ,. ,*,*,,*
..XXXX#.5X35#... ,
. # * * ,,
#.§Xh######## ,.
,#,#,, , ,,*,
##X## +φ+**
*#{***. * , * #.,
* ##,,**,, #..*. *
, * . ,, **,, ,
*,{, ,*#, . * ,,
** ,, ** ,{{ ** {
, #*.*, , * * ,* ,
* , , {{,,, .,** *
* , , , , , *+*,,
, , .


You could see 14 starcursed masses, a purple draconian knight (invisible), a
purple very ugly thing, a wretched star, 3 draconians, 3 hell hogs, a thrashing
horror, a large abomination, a neqoxec, a small abomination, an iron imp, a
quasit, a white imp and an ufetubus.

Vanquished Creatures
  A tentacled starspawn (Abyss:3)
  2 thorn hunters
  Agnes (D:14)
  A draconian stormcaller (Abyss:3)
  A very ugly thing (Swamp:1)
  A dire elephant (Lair:6)
  A minotaur (Gauntlet)
  The ghost of zkyp the Summoner, a journeyman TeSu of Ashenzari (Lair:6)
  2 fire dragons
  7 hydras
  5 vault guards (D:14)
  A great orb of eyes (Abyss:3)
  Fannar (Lair:2)
  A rakshasa (D:13)
  A merfolk avatar (Lair:6)
  A shambling mangrove (Swamp:1)
  2 centaur warriors
  9 alligators
  A death knight (D:13)
  An ogre mage (D:14)
  A tengu warrior (D:12)
  5 two-headed ogres
  A hell hog (Abyss:3)
  A deep elf knight (D:14)
  9 spriggans
  6 skeletal warriors
  3 unseen horrors
  3 spriggan druids
  5 swamp dragons
  A phantasmal warrior (D:13)
  A necromancer (D:15)
  3 wolf spider zombies
  11 orc knights
  2 oklob plants
  6 cyclopes
  4 manticores
  4 orc sorcerers
  23 ugly things
  4 elephants (Lair:6)
  2 naga magi (D:15)
  7 black mambas
  Psyche (D:12)
  2 moths of wrath (Gauntlet)
  3 gargoyles
  18 spiny frogs
  2 rime drakes
  A kobold demonologist (D:12)
  10 komodo dragons
  A tengu conjurer (D:14)
  2 freezing wraiths
  6 tyrant leeches
  3 wind drakes (Lair:6)
  5 polar bears (Lair:6)
  12 trolls
  12 hornets
  Grinder (Temple)
  19 blink frogs
  A raiju (Abyss:3)
  5 bog bodies
  18 slime creatures
  14 hippogriffs
  7 redbacks (Gauntlet)
  A shadow (D:11)
  9 wyverns
  2 wraiths
  55 yaks
  A water elemental (D:11)
  A human (D:9)
  17 vampire mosquitoes
  4 basilisks
  Menkaure (D:4)
  9 swamp worms
  13 wargs
  4 nagas (Lair:3)
  A soldier ant (D:14)
  5 water moccasins
  4 porcupines
  A small abomination (Abyss:3)
  4 sky beasts
  2 ice beasts
  A black bear (shapeshifter) (D:15)
  37 orc warriors
  13 wolves
  A phantom (D:7)
  8 swamp drakes
  4 black bears
  19 ogres
  13 centaurs
  18 crocodiles
  2 big kobolds
  A gnoll sergeant (D:11)
  22 bullfrogs
  7 scorpions
  A water moccasin skeleton (D:4)
  10 killer bees
  19 wights
  2 electric eels
  4 howler monkeys
  A lava snake (D:13)
  8 crimson imps
  2 centaur zombies
  8 hounds
  4 jellies
  18 orc priests
  5 bullfrog skeletons
  32 orc wizards
  7 centaur skeletons
  4 iguanas
  5 worker ants
  A killer bee zombie (D:5)
  A hound skeleton (D:4)
  7 adders
  3 shadow imps
  2 oozes
  An adder zombie (D:7)
  2 worms
  4 dart slugs
  10 leopard geckos
  102 orcs
  A ball python (D:1)
  9 bats
  3 giant cockroaches
  4 goblins
  11 hobgoblins
  6 jackals (D:2)
  11 kobolds
  6 quokkas
  8 frilled lizards
  A leopard gecko zombie (D:7)
  A quokka skeleton (D:4)
  6 rats
  2 bushes (Lair:5)
  A starspawn tentacle (Abyss:3)
899 creatures vanquished.

Vanquished Creatures (others)
  Nikola (Swamp:3)
  A swamp dragon (Swamp:4)
  A lindwurm (Swamp:4)
  An orc warrior (Orc:1)
  3 swamp drakes (Swamp:4)
  2 briar patches (Swamp:4)
  12 fungi
  A lurking horror (Abyss:3)
  21 plants
  A starspawn tentacle (Abyss:3)
44 creatures vanquished.

Grand Total: 943 creatures vanquished

Notes
Turn   | Place    | Note
-------+----------+-------------------------------------------
     0 | D:1      | Borgoz the Gargoyle Gladiator began the quest for the Orb.
     0 | D:1      | Reached XP level 1. HP: 12/12 MP: 1/1
    68 | D:1      | Reached XP level 2. HP: 13/17 MP: 2/2
   322 | D:1      | Reached XP level 3. HP: 22/22 MP: 3/3
   449 | D:1      | Reached skill level 1 in Armour
   959 | D:2      | Reached XP level 4. HP: 23/27 MP: 4/4
  1573 | D:3      | Reached XP level 5. HP: 15/32 MP: 5/5
  2253 | D:3      | Found a sacrificial altar of Ru.
  2253 | D:3      | Found a hide-covered altar of Uskayaw.
  2600 | D:4      | Reached XP level 6. HP: 15/37 MP: 6/6
  2743 | D:4      | Noticed Grinder
  2752 | D:4      | Paralysed by Grinder for 5 turns
  2763 | D:5      | Entered Level 5 of the Dungeon
  2985 | D:5      | Reached skill level 5 in Maces & Flails
  2985 | D:5      | Reached XP level 7. HP: 34/42 MP: 7/7
  3306 | D:5      | Noticed an air elemental
  3308 | D:5      | Found a stormy altar of Qazlal.
  3383 | D:4      | Found a staircase to the Ecumenical Temple.
  3393 | D:4      | Paralysed by Grinder for 3 turns
  3398 | Temple   | Entered the Ecumenical Temple
  3407 | Temple   | Paralysed by Grinder for 3 turns
  3435 | Temple   | Killed Grinder
  3641 | Temple   | Became a worshipper of Ashenzari the Shackled
  3912 | D:4      | Noticed Menkaure
  3922 | D:4      | Killed Menkaure
  3922 | D:4      | Reached skill level 5 in Dodging
  3922 | D:4      | Reached XP level 8. HP: 38/48 MP: 8/8
  4267 | D:4      | Found the +0 pair of fencer's gloves {Riposte Dex+3}
  4422 | D:5      | Noticed a water elemental
  4684 | D:5      | Reached skill level 5 in Fighting
  4934 | D:6      | Reached XP level 9. HP: 26/54 MP: 9/9
  5256 | D:6      | Reached skill level 5 in Armour
  5656 | D:6      | Reached * piety under Ashenzari
  5851 | D:7      | Found Pimorch's Book Emporium.
  5856 | D:7      | Found a glowing silver altar of Zin.
  5856 | D:7      | Noticed an angel
  5938 | D:7      | Found a shimmering altar of Xom.
  6002 | D:7      | Reached XP level 10. HP: 28/61 MP: 10/10
  6678 | D:7      | Found an ancient bone altar of Kikubaaqudgha.
  6678 | D:7      | Found a deep blue altar of Sif Muna.
  6682 | D:7      | Found a radiant altar of Vehumet.
  6698 | D:7      | Identified Sif Muna's Papyrus of Execration
  7841 | D:8      | Found Piciureu's Food Emporium.
  7905 | D:8      | Reached ** piety under Ashenzari
  7917 | D:8      | Noticed a two-headed ogre
  7924 | D:8      | Killed a two-headed ogre
  7937 | D:8      | Found a sparkling altar of Nemelex Xobeh.
  7940 | D:8      | Found a basalt altar of Yredelemnul.
  7943 | D:8      | Found an ornate altar of the Wu Jian Council.
  8518 | D:9      | Found Oleemao's General Store.
  8522 | D:9      | Bought a potion of might for 60 gold pieces
  8870 | D:10     | Entered Level 10 of the Dungeon
  9156 | D:10     | Reached skill level 10 in Maces & Flails
  9156 | D:10     | Reached XP level 11. HP: 43/67 MP: 11/11
  9830 | D:11     | Found a staircase to the Orcish Mines.
  9945 | D:11     | Noticed a purple ugly thing
  9961 | D:11     | Killed a purple ugly thing
  9981 | D:11     | Killed an unseen horror
 10770 | D:11     | Found a staircase to the Lair.
 10969 | D:11     | Noticed a red ugly thing
 10990 | D:11     | Killed a red ugly thing
 11774 | D:12     | Reached XP level 12. HP: 41/75 MP: 12/12
 11831 | D:12     | Reached skill level 1 in Evocations
 12280 | D:12     | Noticed a two-headed ogre
 12283 | D:12     | Noticed a tengu warrior
 12291 | D:12     | Killed a two-headed ogre
 12314 | D:12     | Killed a tengu warrior
 12314 | D:12     | Reached skill level 10 in Dodging
 12896 | D:12     | Reached *** piety under Ashenzari
 13571 | D:12     | Noticed Psyche
 13584 | D:12     | Killed Psyche
 13597 | D:12     | Reached skill level 10 in Fighting
 13829 | D:13     | Noticed a death knight
 13926 | Lair:1   | Entered Level 1 of the Lair of Beasts
 14010 | Lair:1   | Reached XP level 13. HP: 75/82 MP: 15/15
 14078 | Lair:1   | Reached skill level 10 in Armour
 14715 | Lair:2   | Noticed Fannar
 14796 | Lair:2   | Killed Fannar
 15480 | Lair:2   | Reached **** piety under Ashenzari
 15494 | Lair:2   | Got the great mace of Compulsion {holy, Str+3}
 15496 | Lair:2   | Identified the +3 great mace of Compulsion {holy, Str+3}
                  | (You found it on level 2 of the Lair of Beasts)
 15921 | Lair:3   | Found a staircase to the Swamp.
 16032 | Lair:3   | Found a gate leading to a gauntlet.
 16047 | Gauntlet | Entered a Gauntlet
 16047 | Gauntlet | Found a transporter.
 16047 | Gauntlet | Found a transporter.
 16289 | Gauntlet | Found a transporter.
 16289 | Gauntlet | Found a transporter.
 16289 | Gauntlet | Found a transporter.
 16302 | Gauntlet | Found a transporter.
 16304 | Gauntlet | Found a large runed translucent door.
 16305 | Gauntlet | Found a large runed translucent door.
 16306 | Gauntlet | Found a large runed translucent door.
 16306 | Gauntlet | Found a large runed translucent door.
 16306 | Gauntlet | Found a runed translucent door.
 16319 | Gauntlet | Found a transporter.
 16327 | Gauntlet | Found a transporter.
 16330 | Gauntlet | Identified the ring of the Thistle {rF++ rN+ Int+3}
 16386 | Gauntlet | Found a transporter.
 16388 | Gauntlet | Found a large runed translucent door.
 16389 | Gauntlet | Found a large runed translucent door.
 16390 | Gauntlet | Found a large runed translucent door.
 16390 | Gauntlet | Found a large runed translucent door.
 16390 | Gauntlet | Found a runed translucent door.
 16391 | Gauntlet | Found a large runed translucent door.
 16392 | Gauntlet | Found a large runed translucent door.
 16393 | Gauntlet | Found a large runed translucent door.
 16393 | Gauntlet | Found a large runed translucent door.
 16394 | Gauntlet | Found a runed translucent gate.
 16394 | Gauntlet | Found a runed translucent gate.
 16394 | Gauntlet | Found a runed translucent gate.
 16395 | Gauntlet | Noticed a death ooze
 16396 | Gauntlet | Found a transporter.
 16405 | Gauntlet | Found a large runed translucent door.
 16405 | Gauntlet | Found a large runed translucent door.
 16406 | Gauntlet | Found a large runed translucent door.
 16407 | Gauntlet | Found a large runed translucent door.
 16411 | Gauntlet | Found a transporter.
 16421 | Gauntlet | Found a transporter.
 17129 | Gauntlet | Noticed a minotaur
 17136 | Gauntlet | Killed a minotaur
 17145 | Gauntlet | Identified the Grimoire of Execration and Shape Shifting
 17147 | Gauntlet | Got the cursed dire flail of Tenacity {flame, *Noise rF+
                  | rC++}
 17165 | Lair:3   | Found a staircase to the Snake Pit.
 17407 | Lair:1   | Identified the cursed +1 dire flail of Tenacity {flame,
                  | *Noise rF+ rC++} (You found it in a Gauntlet)
 17555 | Lair:3   | Got the uncursed leather armour of Trog's Scorn {-Tele
                  | Str+7}
 17558 | Lair:3   | Got the cursed robe of the Lair of Beasts {+Blink rN++}
 17569 | Lair:3   | Identified the +1 leather armour of Trog's Scorn {-Tele
                  | Str+7} (You found it on level 3 of the Lair of Beasts)
 18249 | Lair:4   | Gained mutation: Your large and strong wings let you fly
                  | indefinitely. [Gargoyle growth]
 18249 | Lair:4   | Reached XP level 14. HP: 83/90 MP: 17/17
 19697 | Lair:5   | Got the uncursed scale mail of Gakem {rN++ Dex-4}
 19708 | Lair:5   | Identified the +5 scale mail of Gakem {rN++ Dex-4} (You
                  | found it on level 5 of the Lair of Beasts)
 20055 | Lair:5   | Found a viscous altar of Jiyva.
 20055 | Lair:5   | Found a staircase to the Slime Pits.
 20231 | Lair:6   | Entered Level 6 of the Lair of Beasts
 20322 | Lair:6   | Reached skill level 5 in Evocations
 20721 | Lair:6   | Found a large runed translucent door.
 20721 | Lair:6   | Found a large runed translucent door.
 20725 | Lair:6   | Noticed zkyp's ghost (journeyman TeSu)
 20984 | Lair:6   | Reached ***** piety under Ashenzari
 21116 | Lair:6   | Noticed a dire elephant
 21500 | Lair:6   | Killed a dire elephant
 21648 | Lair:6   | Found the +4 moon troll leather armour {Spirit, Regen++
                  | MP+5}
 21682 | Lair:6   | Got the flail of Integrity {crush, MR+}
 21695 | Lair:6   | Identified the +7 flail of Integrity {crush, MR+} (You
                  | found it on level 6 of the Lair of Beasts)
 21964 | Lair:6   | Killed zkyp's ghost
 21975 | Lair:6   | Identified a scroll of acquirement
 22077 | Lair:4   | Identified the cursed +0 robe of the Lair of Beasts {+Blink
                  | rN++} (You found it on level 3 of the Lair of Beasts)
 22248 | Lair:1   | Identified the cursed ring of Doubt {rN+ Str+3} (You
                  | acquired it on level 1 of the Lair of Beasts)
 22743 | D:13     | Reached XP level 15. HP: 98/98 MP: 18/18
 23594 | D:14     | Found a blossoming altar of Fedhas.
 24117 | D:14     | Found Mirij's Weapon Shop.
 24167 | D:14     | Found a gate to the Vaults.
 24257 | D:15     | Entered Level 15 of the Dungeon
 24263 | D:15     | Found a shadowy altar of Dithmenos.
 24396 | D:14     | Learned a level 1 spell: Confusing Touch
 24562 | D:15     | Noticed Agnes
 24565 | D:15     | Reached skill level 1 in Stealth
 24608 | D:14     | Killed Agnes
 24608 | D:14     | Reached skill level 1 in Spellcasting
 24608 | D:14     | Reached skill level 1 in Hexes
 25004 | D:15     | Reached XP level 16. HP: 101/106 MP: 19/19
 25021 | D:15     | Found a staircase to the Depths.
 25364 | D:9      | Bought a scroll of enchant weapon for 112 gold pieces
 25738 | Orc:1    | Entered Level 1 of the Orcish Mines
 25884 | Orc:1    | Found Piabb's Jewellery Shop.
 25912 | Orc:1    | Found a radiant altar of Vehumet.
 26028 | Orc:2    | Entered Level 2 of the Orcish Mines
 26223 | Orc:2    | Found Taecuthe's Armour Shop.
 26513 | Orc:2    | Found a staircase to the Elven Halls.
 26629 | Orc:2    | Found a roughly hewn altar of Beogh.
 26893 | Orc:2    | Found Jeficu's Weapon Emporium.
 26986 | Orc:2    | Found Rosm's Weapon Shop.
 26986 | Orc:2    | Found Alinasmu's Jewellery Emporium.
 27247 | Orc:2    | Found a runed translucent door.
 27252 | Orc:2    | Noticed galech's ghost (journeyman DsFi)
 27597 | Orc:1    | Found Beibrock's Distillery.
 27664 | Orc:1    | Found Wodae's Antique Weapon Emporium.
 27672 | Orc:1    | Bought an iridescent quarterstaff for 297 gold pieces
 27941 | Orc:1    | Bought a cursed ring of protection from fire for 352 gold
                  | pieces
 27941 | Orc:1    | Bought an uncursed amulet of regeneration for 480 gold
                  | pieces
 27941 | Orc:1    | Bought an uncursed ring of protection from cold for 400
                  | gold pieces
 28032 | Orc:1    | Bought a potion of agility for 60 gold pieces
 28032 | Orc:1    | Bought 2 potions of heal wounds for 150 gold pieces
 28032 | Orc:1    | Bought a potion of might for 60 gold pieces
 28032 | Orc:1    | Bought a potion of heal wounds for 75 gold pieces
 28032 | Orc:1    | Bought a potion of curing for 45 gold pieces
 28032 | Orc:1    | Bought a potion of curing for 45 gold pieces
 28231 | Swamp:1  | Entered Level 1 of the Swamp
 29422 | Swamp:2  | Reached skill level 15 in Fighting
 29838 | Swamp:3  | Noticed Nikola
 29844 | Swamp:3  | Noticed a thorn hunter
 29848 | Swamp:3  | Killed Nikola
 29872 | Swamp:2  | Killed a thorn hunter
 29872 | Swamp:2  | Reached XP level 17. HP: 26/113 MP: 4/22
 29942 | Swamp:3  | Identified the cursed +0 plate armour of the Skies Above
                  | {SInv}
 30202 | Swamp:3  | Identified the Compendium of Gliding Summoning
 30262 | Swamp:3  | Reached skill level 15 in Armour
 30368 | Swamp:3  | Reached ****** piety under Ashenzari
 30532 | Swamp:4  | Entered Level 4 of the Swamp
 30727 | Swamp:4  | Noticed Louise
 30793 | Swamp:4  | Cast into level 3 of the Abyss (Louise)
 30944 | Abyss:3  | Found a transporter.
 30990 | Abyss:3  | Noticed a tentacled starspawn
 30997 | Abyss:3  | Killed a tentacled starspawn
 31012 | Abyss:3  | Found a transporter.
 31042 | Abyss:3  | Gained mutation: You are weak. (Str -2) [a neqoxec]
 31045 | Abyss:3  | Gained mutation: Armour fits poorly on your strangely
                  | shaped body. [a neqoxec]
 31054 | Abyss:3  | Paralysed by accursed screaming for 2 turns
 31057 | Abyss:3  | Gained mutation: You are very weak. (Str -4) [a neqoxec]
 31060 | Abyss:3  | Killed from afar by a starcursed mass

Levels and vault maps discovered:
D:1:      minmay_arrival_loop, layout_rooms, minmay_close_crescents
D:2:      layout_loops_corners
D:3:      layout_basic, gammafunk_temple_overflow_elements
D:4:      layout_loops_ring, minmay_temple_entry_mini_moons, first_ration,
          uniq_grinder, uniq_menkaure
D:5:      layout_gridville, nicolae_qazlal_style_of_elements,
          chequers_serial_rivers_micro_c
D:6:      layout_loops_ring
D:7:      layout_basic, grunt_temple_overflow_magic_moments,
          grunt_temple_overflow_order_and_chaos_1, serial_shops, shop
D:8:      layout_layer_cave, grunt_temple_overflow_diamond, serial_shops,
          nicolae_shop_stone
D:9:      layout_basic, serial_shops, shop, grunt_pizzeria
D:10:     layout_gridville
D:11:     layout_roguey, erik_lair_island, orc_0_dummy,
          minmay_mirror_moons_of_madness
D:12:     layout_roguey, grunt_ministairs_5, minmay_bent, uniq_psyche
D:13:     layout_cave_pods, palyth_stone_intersect, dk_noncrumbling_4,
          kennysheep_generic_room_16
D:14:     layout_roguey, grunt_vaults_entry_fortified, serial_shops, shop,
          drop_trap, skrybe_limestone_x, fedhas_altar_2
D:15:     grunt_enter_depths_magical_seal, layout_cave_pools,
          nicolae_dithmenos_shadow_blocks, uniq_agnes
Temple:   minmay_temple_curvy_loop
Lair:1:   layout_regular_city, grunt_megastairs_1, infiniplex_staircase_pool_2
Lair:2:   layout_regular_city, serial_bayou_pond_b, uniq_fannar
Lair:3:   layout_long_grid, minmay_swamp_entry_reptiles,
          minmay_snake_entry_guardpost_small, gauntlet_entry_generic
Lair:4:   layout_hall_layers
Lair:5:   layout_cave_pods, dpeg_slime_entry_enclosed_altar,
          minmay_lair_oklob_bushes, lemuel_fruit_tree
Lair:6:   gammafunk_lair_ancient_temple, layout_regular_city,
          ebering_ghost_disaster_area, nicolae_lair_grove_arrangements,
          serial_bayou_pond_a
Swamp:1:  layout_falls_marsh, evilmike_swamp_ruin_house_1
Swamp:2:  layout_basic_swamp, serial_swamp_ruin, evilmike_swamp_ruin_house_6,
          evilmike_swamp_ruin_rubble_2, evilmike_swamp_ruin_rubble_1,
          swamp_pool5
Swamp:3:  layout_basic_swamp, evilmike_swamp_ruin_house_4,
          infiniplex_staircase_pool, uniq_nikola
Swamp:4:  swamp_fiery, layout_basic_swamp, uniq_louise
Orc:1:    layout_caves, serial_shops, shop, shop, shop, basic_altar
Orc:2:    st_orc_town, layout_diamond_mine, ebering_ghost_reflecting_pool
Abyss:3:  evilmike_abyss_exit_7, evilmike_abyss_rune_tso_outpost

Skill      XL: |  1  2  3  4  5  6  7  8  9 10 11 12 13 14 15 16 17 |
---------------+----------------------------------------------------+-----
Armour         | 1 2 3 4 5 7 8 9 11 12 14 15 | 15.2
Dodging        | 3 4 5 7 8 9 10 11 12 13 | 13.7
Fighting       | 3 4 5 6 7 8 10 11 13 14 15 | 15.4
Maces & Flails | 4 5 6 7 8 10 11 12 13 14 | 14.2
Evocations     | 2 4 5 |  5.0
Stealth        | 2 |  2.7
Spellcasting   | 1 3 4 |  4.3
Hexes          | 1 3 4 |  4.0
Throwing       | |  1.7

Action                   |  1- 3 |  4- 6 |  7- 9 | 10-12 | 13-15 | 16-18 || total
-------------------------+-------+-------+-------+-------+-------+-------++-------
Melee: Flail             |   126 |   158 |   450 |   434 |   780 |   839 ||  2787
       Whip              |       |       |       |   466 |       |       ||   466
       Great mace        |       |       |       |       |    78 |       ||    78
       Morningstar       |       |       |       |       |    42 |       ||    42
       Dire flail        |       |       |       |       |   567 |    34 ||   601
Throw: Throwing net      |       |     1 |     5 |     1 |       |       ||     7
Invok: Curse Item        |       |       |     1 |       |     3 |     1 ||     5
 Abil: Fly               |       |       |       |       |     1 |       ||     1
Evoke: Wand              |       |       |       |    20 |    16 |     4 ||    40
  Use: Potion            |       |     6 |     4 |     3 |     5 |     2 ||    20
       Scroll            |       |       |     5 |     6 |    14 |     2 ||    27
 Stab: Held in net/web   |       |       |       |     1 |       |       ||     1
       Distracted        |       |       |       |     1 |       |     1 ||     2
       Paralysed         |       |       |       |    10 |     1 |       ||    11
       Sleeping          |       |       |       |       |       |     9 ||     9
       Confused          |       |       |       |       |       |     7 ||     7
       Invisible         |       |       |       |       |       |     4 ||     4
  Eat: Chunk             |       |     4 |    10 |    26 |    35 |    17 ||    92
       Ration            |       |     1 |       |       |     1 |     1 ||     3
Armor: Leather armour    |    63 |       |       |       |       |       ||    63
       Scale mail        |     8 |   100 |       |   116 |   170 |       ||   394
       Ring mail         |       |     8 |   217 |   175 |       |       ||   400
       Skin              |       |       |       |    37 |       |       ||    37
       Plate armour      |       |       |       |       |   302 |       ||   302
       Troll leather arm |       |       |       |       |   236 |   279 ||   515
Dodge: Dodged            |   108 |   109 |   286 |   570 |  1129 |   811 ||  3013
       Deflected         |     2 |     1 |     1 |    11 |    20 |    19 ||    54
       Rpst.: Flail      |       |       |    62 |    70 |   173 |   207 ||   512
       Whip              |       |       |       |    62 |       |       ||    62
       Great mace        |       |       |       |       |    22 |       ||    22
       Morningstar       |       |       |       |       |    15 |       ||    15
       Dire flail        |       |       |       |       |    90 |     6 ||    96

Table legend:
 A = Non-vault XP
 B = Vault XP
 C = Vault XP percentage of total XP
 D = Non-vault monster count
 E = Vault monster count
 F = Vault count percentage of total count
                 A         B        C        D         E       F
            +---------+---------+-------+---------+---------+-------
      Total |  147623 |   55451 |  27.3 |     729 |     169 |  18.8
            +---------+---------+-------+---------+---------+-------
        D:1 |      39 |      10 |  20.4 |      22 |       4 |  15.4
        D:2 |      42 |       0 |   0.0 |      21 |       0 |   0.0
        D:3 |      89 |       0 |   0.0 |      19 |       0 |   0.0
        D:4 |     630 |     172 |  21.4 |      25 |       1 |   3.8
        D:5 |     660 |       0 |   0.0 |      13 |       0 |   0.0
        D:6 |    1565 |       0 |   0.0 |      34 |       0 |   0.0
        D:7 |    1968 |       0 |   0.0 |      33 |       0 |   0.0
        D:8 |    1803 |       0 |   0.0 |      16 |       0 |   0.0
        D:9 |     980 |     200 |  16.9 |      12 |       1 |   7.7
       D:10 |    1091 |       0 |   0.0 |      21 |       0 |   0.0
       D:11 |    5176 |    2530 |  32.8 |      40 |      14 |  25.9
       D:12 |    9620 |    3183 |  24.9 |      45 |      11 |  19.6
       D:13 |    9539 |     568 |   5.6 |      32 |       2 |   5.9
       D:14 |   11354 |    9862 |  46.5 |      37 |      11 |  22.9
       D:15 |   17815 |    4419 |  19.9 |      36 |       9 |  20.0
     Temple |       0 |     267 | 100.0 |       0 |       1 | 100.0
     Lair:1 |    4330 |       0 |   0.0 |      22 |       0 |   0.0
     Lair:2 |    7075 |    1045 |  12.9 |      31 |       2 |   6.1
     Lair:3 |    4557 |    1660 |  26.7 |      14 |       8 |  36.4
     Lair:4 |    5252 |       0 |   0.0 |      23 |       0 |   0.0
     Lair:5 |    4491 |     602 |  11.8 |      19 |       1 |   5.0
     Lair:6 |    6259 |   10291 |  62.2 |      24 |      27 |  52.9
    Swamp:1 |   13836 |       0 |   0.0 |      35 |       0 |   0.0
    Swamp:2 |   12874 |       0 |   0.0 |      31 |       0 |   0.0
    Swamp:3 |    5602 |    4250 |  43.1 |      16 |       2 |  11.1
    Swamp:4 |    7483 |    1167 |  13.5 |      13 |       2 |  13.3
      Orc:1 |    3506 |    1236 |  26.1 |      35 |       5 |  12.5
      Orc:2 |    5212 |    8655 |  62.4 |      54 |      57 |  51.4
    Abyss:3 |    4775 |    1599 |  25.1 |       6 |       1 |  14.3
   Gauntlet |       0 |    3735 | 100.0 |       0 |      10 | 100.0
            +---------+---------+-------+---------+---------+-------
